 Dungeon Crawl Stone Soup version 0.19.5 (webtiles) character file.

172 wolfsongas the Ruffian (level 5, -10/53 HPs)
             Began as a Troll Monk on May 3, 2017.
             Mangled by an orc warrior
             ... wielding a +0 long sword
              (20 damage)
             ... on level 3 of the Dungeon.
             The game lasted 00:06:07 (2550 turns).

wolfsongas the Ruffian (Troll Monk)                 Turns: 2550, Time: 00:06:08

Health: -10/53     AC:  5    Str: 20    XL:     5   Next: 27%
Magic:  4/4        EV: 11    Int:  6    God:
Gold:   143        SH:  0    Dex: 12    Spells: 0 memorised, 4 levels left

rFire  . . .     SeeInvis .       - Unarmed
rCold  . . .     Gourm    +     a - +0 robe
rNeg   . . .     Faith    .     (no shield)
rPois  .         Spirit   .     (helmet restricted)
rElec  .         Reflect  .     (no cloak)
rCorr  .         Harm     .     (gloves unavailable)
MR     .....                    (boots unavailable)
Stlth  ++........               (no amulet)
                                (no ring)
                                (no ring)

@: no status effects
A: unfitting armour, claws 3, fast metabolism 3, gourmand, regeneration 1,
shaggy fur 1, tough skin 2
a: no special abilities


You were on level 3 of the Dungeon.
You were not hungry.

You visited 1 branch of the dungeon, and saw 3 of its levels.

You collected 143 gold pieces.

Inventory:

Hand Weapons
 b - a cursed -1 short sword
Armour
 a - a +0 robe (worn)
Scrolls
 c - a scroll of identify
Comestibles
 f - a meat ration


   Skills:
 + Level 3.0 Fighting
 + Level 3.1 Dodging
 - Level 1.0 Stealth
 + Level 5.0 Unarmed Combat


You had 4 spell levels left.
You didn't know any spells.

Dungeon Overview and Level Annotations

Branches:
Dungeon (3/15)

Altars:
Nemelex Xobeh


Innate Abilities, Weirdness & Mutations

You are too large for most types of armour.
You have claws for hands.
Your metabolism is lightning-fast.
You like to eat raw meat.
Your natural rate of healing is unusually fast.
You are covered in fur. (AC +1)
You have very tough skin. (AC +2)


Message History

An orc comes into view. It is wielding a dagger.
Things that are here:
a whip; a gnoll corpse You scratch the kobold.
You kill the kobold!
The orc moves out of view.
The gnoll hits you but does no damage. The orc warrior barely misses you.
An orc comes into view. It is wielding a whip.
The gnoll hits you.
* * * LOW HITPOINT WARNING * * *
A gnoll comes into view.
You scratch the orc warrior.
The orc warrior is moderately wounded.
The orc warrior closely misses you. The gnoll hits you.
* * * LOW HITPOINT WARNING * * *
You closely miss the orc warrior.
The orc warrior is moderately wounded.
The adder bites you but does no damage.
The orc warrior hits you with a long sword!!
You die...

#. #.# # ##.##
.. ...### .#
#....##..#
####.oo.og.
...#Sg.#
.######.#@o#
#.......(.o.#
#..#####(#.##
#..# #(#.# #..#
#)#.# #..# #.#..
#..# #.###
#..#####.#######
#...............


You could see an orc warrior, an orc wizard, 2 gnolls, an adder and 3 orcs.

Vanquished Creatures
  The ghost of SharpCheddar the Slasher, a weakling DsFi (D:3)
  Terence (D:2)
  An adder (D:2)
  2 gnolls (D:3)
  A worm (D:2)
  4 dart slugs
  3 leopard geckos
  4 orcs (D:3)
  2 bats
  4 giant cockroaches
  6 goblins
  7 hobgoblins
  2 jackals (D:1)
  6 kobolds
  A quokka (D:2)
  3 ball pythons
  3 frilled lizards (D:2)
  5 rats
56 creatures vanquished.

Notes
Turn   | Place    | Note
-------+----------+-------------------------------------------
     0 | D:1      | wolfsongas the Troll Monk began the quest for the Orb.
     0 | D:1      | Reached XP level 1. HP: 22/22 MP: 0/0
   278 | D:1      | Reached XP level 2. HP: 29/29 MP: 1/1
   508 | D:1      | Found a sparkling altar of Nemelex Xobeh.
   559 | D:1      | Reached XP level 3. HP: 36/36 MP: 2/2
  1239 | D:2      | Reached skill level 4 in Unarmed Combat
  1719 | D:2      | Noticed Terence
  1734 | D:2      | Killed Terence
  1734 | D:2      | Reached XP level 4. HP: 33/44 MP: 3/3
  2516 | D:3      | Noticed SharpCheddar's ghost (weakling DsFi)
  2526 | D:3      | Killed SharpCheddar's ghost
  2526 | D:3      | Reached XP level 5. HP: 40/53 MP: 4/4
  2533 | D:3      | Noticed an orc warrior
  2541 | D:3      | Reached skill level 5 in Unarmed Combat
  2550 | D:3      | Mangled by an orc warrior

Skill      XL: |  1  2  3  4  5 |
---------------+----------------+-----
Unarmed Combat | 4 5 |  5.0
Fighting       | 3 |  3.0
Dodging        | 3 |  3.1
Stealth        | |  1.0

Action                   |  1- 3 |  4- 6 || total
-------------------------+-------+-------++-------
Melee: Unarmed           |    92 |    49 ||   141
       Punch             |     1 |     2 ||     3
  Use: Scroll            |     2 |     2 ||     4
       Potion            |     1 |     1 ||     2
 Stab: Sleeping          |     2 |     1 ||     3
  Eat: Bread ration      |     3 |       ||     3
       Chunk             |     4 |     1 ||     5
       Beef jerky        |       |     2 ||     2
Armor: Robe              |    34 |    15 ||    49
Dodge: Dodged            |    55 |    30 ||    85
